3063 views
Uploaded 2020-09-11 10:55:26
Game version 1.32.8
38:45 long 4on4 ladder game on (8)GoldRush
Saved by BaDitO2
3063 views
Uploaded 2020-09-11 10:55:26
Game version 1.32.8
38:45 long 4on4 ladder game on (8)GoldRush


204 units @ 23.3k
/ 2.4k
112 buildings @ 18k
/ 7.7k

| Scroll of Regeneration | 2 | 200 |
| Lesser Clarity Potion | 2 | 140 |
| total: | 4 | 340g |
| Peasant | 34 | 2550 | / | 0 |
| Rifleman | 31 | 6355 | / | 930 |
| Flying Machine | 16 | 1600 | / | 480 |
| total: | 81 | 10505g | / | 1410w |
| Farm | 23 | 1840 | / | 460 |
| Altar of Kings | 2 | 360 | / | 100 |
| Blacksmith | 2 | 280 | / | 120 |
| Barracks | 3 | 480 | / | 180 |
| Arcane Vault | 2 | 260 | / | 60 |
| Town Hall | 2 | 770 | / | 410 |
| Lumber Mill | 2 | 240 | / | 0 |
| Workshop | 2 | 280 | / | 280 |
| Keep | 2 | 640 | / | 420 |
| Castle | 1 | 360 | / | 210 |
| total: | 38 | 4510g | / | 1610w |
| 0:03 | Peasant |
| 0:03 | Peasant |
| 0:13 | Farm |
| 0:18 | Peasant |
| 0:28 | Peasant |
| 0:51 | Altar of Kings |
| 1:00 | Peasant |
| 1:05 | Blacksmith |
| 1:12 | Barracks |
| 1:25 | Peasant |
| 1:37 | Peasant |
| 1:46 | Farm |
| 2:09 | Arcane Vault |
| 2:17 | Peasant |
| 2:24 | Farm |
| 2:29 | Rifleman |
| 2:48 | Rifleman |
| 2:54 | Summon Water Elemental |
| 3:11 | Rifleman |
| 3:31 | Rifleman |
| 3:57 | Farm |
| 4:32 | Town Hall |
| 4:37 | Rifleman |
| 4:39 | Black Gunpowder |
| 4:42 | Farm |
| 4:51 | Brilliance Aura |
| 5:40 | Farm |
| 5:44 | Rifleman |
| 5:45 | Rifleman |
| 6:37 | Peasant |
| 6:37 | Peasant |
| 6:42 | Farm |
| 6:46 | Lumber Mill |
| 6:51 | Rifleman |
| 6:51 | Rifleman |
| 7:35 | Peasant |
| 7:35 | Peasant |
| 7:35 | Peasant |
| 7:35 | Peasant |
| 7:40 | Peasant |
| 7:40 | Peasant |
| 7:52 | Scroll of Regeneration |
| 7:53 | Lesser Clarity Potion |
| 7:53 | Scroll of Regeneration |
| 7:54 | Lesser Clarity Potion |
| 8:41 | Barracks |
| 8:43 | Rifleman |
| 8:43 | Rifleman |
| 8:43 | Rifleman |
| 8:43 | Rifleman |
| 8:43 | Rifleman |
| 8:48 | Studded Leather Armor |
| 8:52 | Farm |
| 8:53 | Farm |
| 9:49 | Summon Water Elemental |
| 10:07 | Rifleman |
| 10:08 | Rifleman |
| 10:08 | Rifleman |
| 10:13 | Farm |
| 10:14 | Farm |
| 11:12 | Rifleman |
| 11:12 | Rifleman |
| 11:15 | Keep |
| 11:16 | Improved Masonry |
| 13:11 | Rifleman |
| 13:11 | Rifleman |
| 13:12 | Rifleman |
| 13:57 | Brilliance Aura |
| 14:52 | Long Rifles |
| 14:52 | Rifleman |
| 14:53 | Rifleman |
| 14:55 | Advanced Masonry |
| 16:11 | Town Hall |
| 16:25 | Summon Water Elemental |
| 18:22 | Mass Teleport |
| 21:03 | Peasant |
| 21:04 | Peasant |
| 21:04 | Peasant |
| 21:04 | Peasant |
| 21:09 | Farm |
| 21:10 | Farm |
| 21:11 | Farm |
| 21:12 | Farm |
| 21:13 | Farm |
| 21:14 | Farm |
| 21:14 | Farm |
| 21:15 | Farm |
| 21:23 | Altar of Kings |
| 21:32 | Peasant |
| 22:23 | Keep |
| 23:23 | Blacksmith |
| 23:25 | Barracks |
| 23:30 | Arcane Vault |
| 24:44 | Peasant |
| 24:44 | Peasant |
| 24:44 | Peasant |
| 24:46 | Rifleman |
| 24:47 | Rifleman |
| 24:47 | Rifleman |
| 24:47 | Rifleman |
| 24:47 | Rifleman |
| 25:51 | Workshop |
| 25:53 | Peasant |
| 25:57 | Lumber Mill |
| 26:04 | Farm |
| 26:05 | Farm |
| 26:06 | Farm |
| 26:07 | Farm |
| 26:21 | Peasant |
| 26:21 | Peasant |
| 26:31 | Workshop |
| 26:53 | Brilliance Aura |
| 28:31 | Flak Cannons |
| 28:32 | Flying Machine |
| 28:32 | Flying Machine |
| 28:33 | Flying Machine |
| 28:37 | Castle |
| 28:38 | Imbued Masonry |
| 29:00 | Flying Machine |
| 29:00 | Flying Machine |
| 29:00 | Flying Machine |
| 29:01 | Flying Machine |
| 29:01 | Flying Machine |
| 29:04 | Improved Lumber Harvesting |
| 29:37 | Flying Machine |
| 29:38 | Flying Machine |
| 29:52 | Rifleman |
| 30:36 | Flying Machine |
| 30:36 | Flying Machine |
| 35:01 | Peasant |
| 35:02 | Peasant |
| 35:02 | Peasant |
| 35:02 | Peasant |
| 35:02 | Peasant |
| 35:02 | Peasant |
| 35:02 | Peasant |
| 36:25 | Rifleman |
| 36:42 | Flying Machine |
| 36:42 | Flying Machine |
| 36:42 | Flying Machine |
| 36:45 | Flying Machine |
| 38:17 | Reincarnation |
| 38:28 | Blizzard |
| Right click | 381 |
| Select | 346 |
| Misc. action | 303 |
| Build/train/purchase | 148 |
| Resource trade | 26 |
| Use ability | 17 |
| Minimap ping | 6 |
| Item give/drop | 1 |
| Remove unit | 1 |
⇛
NeMo
(3)
(38:34) : 

| Scroll of Town Portal | 6 | 2100 |
| Scroll of Healing | 2 | 500 |
| total: | 8 | 2600g |
| Wisp | 29 | 1740 | / | 0 |
| Archer | 27 | 3510 | / | 270 |
| Hippogryph | 8 | 1280 | / | 160 |
| total: | 64 | 6530g | / | 430w |
| Ancient Protector | 3 | 405 | / | 240 |
| Altar of Elders | 1 | 180 | / | 50 |
| Moon Well | 8 | 1440 | / | 320 |
| Ancient of War | 1 | 150 | / | 60 |
| Tree of Life | 5 | 1700 | / | 925 |
| Hunter's Hall | 1 | 210 | / | 100 |
| Ancient of Wonders | 1 | 90 | / | 30 |
| Ancient of Wind | 4 | 600 | / | 560 |
| Tree of Ages | 1 | 320 | / | 180 |
| Tree of Eternity | 1 | 330 | / | 200 |
| total: | 24 | 4775g | / | 2285w |
| 0:03 | Wisp |
| 0:03 | Wisp |
| 0:10 | Altar of Elders |
| 0:20 | Moon Well |
| 0:21 | Wisp |
| 0:29 | Wisp |
| 0:34 | Wisp |
| 0:48 | Ancient of War |
| 0:48 | Wisp |
| 1:02 | Wisp |
| 1:16 | Wisp |
| 1:40 | Moon Well |
| 1:49 | Wisp |
| 1:50 | Archer |
| 2:04 | Archer |
| 2:16 | Archer |
| 2:21 | Entangling Roots |
| 2:33 | Archer |
| 2:36 | Moon Well |
| 2:52 | Tree of Life |
| 3:08 | Archer |
| 3:29 | Tree of Ages |
| 3:43 | Archer |
| 4:04 | Archer |
| 4:13 | Moon Well |
| 4:29 | Archer |
| 4:41 | Hunter's Hall |
| 5:23 | Archer |
| 5:40 | Ancient of Wonders |
| 5:42 | Wisp |
| 5:42 | Wisp |
| 5:42 | Wisp |
| 5:42 | Wisp |
| 5:43 | Wisp |
| 6:25 | Archer |
| 6:39 | Archer |
| 6:39 | Archer |
| 6:49 | Archer |
| 6:58 | Archer |
| 7:18 | Archer |
| 7:32 | Entangling Roots |
| 7:34 | Thorns Aura |
| 7:38 | Archer |
| 8:13 | Improved Bows |
| 8:34 | Moon Well |
| 8:35 | Moon Well |
| 8:36 | Moon Well |
| 8:37 | Moon Well |
| 8:39 | Ancient of Wind |
| 8:43 | Trueshot Aura |
| 8:58 | Archer |
| 9:01 | Wisp |
| 9:01 | Wisp |
| 10:03 | Archer |
| 10:05 | Hippogryph |
| 10:05 | Hippogryph |
| 10:08 | Ancient of Wind |
| 10:12 | Strength of the Moon |
| 10:13 | Moon Armor |
| 10:32 | Archer |
| 10:48 | Archer |
| 11:02 | Archer |
| 11:07 | Searing Arrows |
| 11:34 | Archer |
| 11:40 | Archer |
| 11:42 | Hippogryph |
| 11:43 | Hippogryph |
| 11:45 | Tree of Eternity |
| 12:14 | Wisp |
| 12:14 | Wisp |
| 12:14 | Wisp |
| 12:20 | Force of Nature |
| 12:31 | Hippogryph |
| 13:14 | Archer |
| 13:15 | Hippogryph |
| 13:40 | Hippogryph |
| 13:43 | Improved Strength of the Moon |
| 13:43 | Improved Moon Armor |
| 14:30 | Wisp |
| 14:30 | Wisp |
| 14:30 | Wisp |
| 14:32 | Ancient Protector |
| 14:33 | Ancient Protector |
| 15:16 | Ancient Protector |
| 15:38 | Trueshot Aura |
| 15:56 | Archer |
| 15:57 | Marksmanship |
| 15:59 | Hippogryph |
| 16:08 | Scroll of Town Portal |
| 16:08 | Scroll of Town Portal |
| 16:09 | Scroll of Healing |
| 16:09 | Scroll of Healing |
| 17:05 | Entangling Roots |
| 17:37 | Archer |
| 17:58 | Searing Arrows |
| 19:14 | Advanced Strength of the Moon |
| 19:36 | Tranquility |
| 20:10 | Tree of Life |
| 20:42 | Trueshot Aura |
| 22:38 | Scroll of Town Portal |
| 23:33 | Wisp |
| 24:22 | Starfall |
| 24:28 | Archer |
| 24:35 | Scroll of Town Portal |
| 24:35 | Scroll of Town Portal |
| 25:45 | Thorns Aura |
| 25:51 | Tree of Life |
| 25:55 | Scroll of Town Portal |
| 27:47 | Wisp |
| 27:47 | Wisp |
| 27:47 | Wisp |
| 27:48 | Wisp |
| 32:23 | Force of Nature |
| 32:40 | Endurance Aura |
| 32:42 | Healing Wave |
| 32:44 | Wisp |
| 32:44 | Wisp |
| 32:46 | Ancient of Wind |
| 32:46 | Ancient of Wind |
| 33:06 | Searing Arrows |
| 33:12 | Tree of Life |
| 36:24 | Tree of Life |
| 37:46 | Hex |
| Right click | 1690 |
| Select group | 1641 |
| Select | 745 |
| Assign group | 152 |
| Build/train/purchase | 136 |
| Use ability | 76 |
| Misc. action | 49 |
| Resource trade | 35 |
| Minimap ping | 22 |
| Remove unit | 3 |
| Item give/drop | 1 |
| Esc | 1 |


| Healing Salve | 1 | 100 |
| Lesser Clarity Potion | 1 | 70 |
| Scroll of Speed | 2 | 100 |
| Orb of Lightning | 1 | 375 |
| Scroll of Town Portal | 1 | 350 |
| total: | 6 | 995g |
| Peon | 15 | 1125 | / | 0 |
| Troll Headhunter | 11 | 1540 | / | 220 |
| Troll Berserker | 4 | 560 | / | 80 |
| total: | 30 | 3225g | / | 300w |
| Watch Tower | 2 | 220 | / | 160 |
| Orc Burrow | 8 | 1280 | / | 320 |
| Altar of Storms | 2 | 360 | / | 100 |
| War Mill | 2 | 410 | / | 0 |
| Barracks | 3 | 540 | / | 150 |
| Voodoo Lounge | 2 | 260 | / | 60 |
| Great Hall | 1 | 385 | / | 185 |
| Spirit Lodge | 2 | 300 | / | 300 |
| Beastiary | 4 | 580 | / | 560 |
| Stronghold | 2 | 630 | / | 380 |
| Fortress | 1 | 325 | / | 190 |
| total: | 26 | 4335g | / | 1835w |
| 0:04 | Peon |
| 0:04 | Peon |
| 0:26 | Orc Burrow |
| 0:29 | Peon |
| 0:42 | Peon |
| 0:53 | Altar of Storms |
| 0:57 | Peon |
| 1:05 | War Mill |
| 1:07 | Barracks |
| 1:13 | Peon |
| 1:38 | Orc Burrow |
| 2:18 | Troll Headhunter |
| 2:20 | Voodoo Lounge |
| 2:46 | Troll Headhunter |
| 2:47 | Troll Headhunter |
| 2:57 | Orc Burrow |
| 3:23 | Endurance Aura |
| 3:25 | Troll Headhunter |
| 3:49 | Troll Headhunter |
| 3:56 | Troll Headhunter |
| 4:14 | Peon |
| 4:16 | Troll Headhunter |
| 4:32 | Stronghold |
| 4:52 | War Stomp |
| 5:00 | Troll Headhunter |
| 5:01 | Steel Ranged Weapons |
| 5:52 | Troll Headhunter |
| 5:53 | Troll Headhunter |
| 5:56 | Orc Burrow |
| 6:23 | Steel Armor |
| 6:29 | Healing Salve |
| 6:30 | Lesser Clarity Potion |
| 6:31 | Scroll of Speed |
| 7:07 | Troll Regeneration |
| 7:25 | Endurance Aura |
| 7:31 | Fortress |
| 8:36 | Healing Wave |
| 8:48 | Troll Headhunter |
| 8:51 | Spirit Lodge |
| 8:55 | Spirit Lodge |
| 9:30 | Orb of Lightning |
| 9:32 | Scroll of Town Portal |
| 9:57 | Berserker Upgrade |
| 10:42 | Troll Berserker |
| 10:42 | Troll Berserker |
| 10:43 | Shaman Adept Training |
| 10:44 | Witch Doctor Adept Training |
| 11:11 | Troll Berserker |
| 11:38 | Troll Berserker |
| 11:43 | Reinforced Defenses |
| 11:46 | Watch Tower |
| 11:47 | Watch Tower |
| 12:21 | Shaman Master Training |
| 13:03 | War Stomp |
| 16:47 | Great Hall |
| 16:50 | Altar of Storms |
| 17:33 | Orc Burrow |
| 17:40 | Voodoo Lounge |
| 19:30 | Orc Burrow |
| 20:00 | Peon |
| 20:53 | Barracks |
| 20:55 | Peon |
| 20:55 | Peon |
| 20:55 | Peon |
| 20:55 | Peon |
| 21:12 | War Mill |
| 22:06 | Orc Burrow |
| 22:33 | Peon |
| 22:33 | Peon |
| 22:36 | Barracks |
| 24:12 | Peon |
| 24:16 | Stronghold |
| 24:36 | Orc Burrow |
| 25:40 | Scroll of Speed |
| 26:48 | Hex |
| 26:52 | Beastiary |
| 26:54 | Beastiary |
| 26:56 | Beastiary |
| 27:07 | Beastiary |
| Right click | 925 |
| Select | 367 |
| Select group | 216 |
| Build/train/purchase | 73 |
| Minimap ping | 35 |
| Misc. action | 26 |
| Chat | 25 |
| Assign group | 24 |
| Use ability | 20 |
| Resource trade | 4 |
| Remove unit | 1 |
| Esc | 1 |

| Healing Salve | 2 | 200 |
| Lesser Clarity Potion | 1 | 70 |
| total: | 3 | 270g |
| Peon | 19 | 1425 | / | 0 |
| Troll Headhunter | 7 | 980 | / | 140 |
| Demolisher | 2 | 440 | / | 100 |
| Spirit Walker | 1 | 195 | / | 35 |
| total: | 29 | 3040g | / | 275w |
| Watch Tower | 9 | 990 | / | 720 |
| Altar of Storms | 1 | 180 | / | 50 |
| Orc Burrow | 4 | 640 | / | 160 |
| War Mill | 2 | 410 | / | 0 |
| Barracks | 1 | 180 | / | 50 |
| Voodoo Lounge | 2 | 260 | / | 60 |
| Great Hall | 4 | 1540 | / | 740 |
| Tauren Totem | 1 | 135 | / | 155 |
| Stronghold | 1 | 315 | / | 190 |
| Fortress | 1 | 325 | / | 190 |
| total: | 24 | 4335g | / | 1935w |
| 0:04 | Peon |
| 0:04 | Peon |
| 0:09 | Altar of Storms |
| 0:21 | Orc Burrow |
| 0:25 | Peon |
| 0:45 | Peon |
| 0:57 | Peon |
| 1:00 | War Mill |
| 1:09 | Orc Burrow |
| 1:19 | Peon |
| 1:31 | Barracks |
| 1:36 | Peon |
| 1:47 | Peon |
| 2:04 | Peon |
| 2:14 | War Stomp |
| 2:22 | Voodoo Lounge |
| 2:34 | Troll Headhunter |
| 2:37 | Peon |
| 2:37 | Peon |
| 3:06 | Troll Headhunter |
| 3:13 | Voodoo Lounge |
| 3:22 | Watch Tower |
| 3:40 | Troll Headhunter |
| 4:07 | Troll Headhunter |
| 4:14 | Stronghold |
| 4:26 | Watch Tower |
| 4:42 | Steel Ranged Weapons |
| 4:45 | Troll Headhunter |
| 4:56 | Troll Headhunter |
| 5:10 | Thorium Ranged Weapons |
| 5:35 | Endurance Aura |
| 5:45 | Orc Burrow |
| 6:05 | Great Hall |
| 6:18 | Steel Armor |
| 6:32 | Healing Salve |
| 6:34 | Lesser Clarity Potion |
| 6:48 | Fortress |
| 6:51 | Tauren Totem |
| 7:04 | Troll Regeneration |
| 7:07 | Healing Salve |
| 8:02 | Endurance Aura |
| 8:22 | Reinforced Defenses |
| 8:32 | Watch Tower |
| 8:42 | Demolisher |
| 8:45 | Spirit Walker |
| 8:48 | Peon |
| 8:49 | Peon |
| 9:58 | Watch Tower |
| 10:07 | Demolisher |
| 10:34 | Peon |
| 10:34 | Peon |
| 10:54 | Troll Headhunter |
| 11:05 | Peon |
| 11:05 | Peon |
| 11:26 | Peon |
| 11:26 | Peon |
| 11:32 | War Mill |
| 13:09 | Orc Burrow |
| 13:37 | Great Hall |
| 13:52 | Great Hall |
| 14:21 | Watch Tower |
| 14:26 | Watch Tower |
| 14:52 | Watch Tower |
| 15:37 | Watch Tower |
| 16:56 | Watch Tower |
| 19:37 | Great Hall |
| Right click | 759 |
| Select | 319 |
| Select group | 232 |
| Misc. action | 76 |
| Build/train/purchase | 60 |
| Assign group | 17 |
| Minimap ping | 14 |
| Use ability | 12 |
| Esc | 6 |
| Item give/drop | 2 |
323 units @ 34.2k
/ 2.2k
142 buildings @ 24.7k
/ 12.2k

| Lesser Clarity Potion | 3 | 210 |
| Scroll of Regeneration | 1 | 100 |
| Scroll of Town Portal | 6 | 2100 |
| Potion of Lesser Invulnerability | 1 | 150 |
| Staff of Teleportation | 1 | 150 |
| Boots of Speed | 1 | 250 |
| total: | 13 | 2960g |
| Peasant | 20 | 1500 | / | 0 |
| Footman | 14 | 1890 | / | 0 |
| Forest Troll Shadow Priest | 12 | 2340 | / | 120 |
| Forest Troll Berserker | 5 | 1225 | / | 150 |
| Mud Golem | 6 | 870 | / | 60 |
| Ogre Mauler | 4 | 1200 | / | 0 |
| total: | 61 | 9025g | / | 330w |
| Altar of Kings | 2 | 360 | / | 100 |
| Farm | 8 | 640 | / | 160 |
| Barracks | 1 | 160 | / | 60 |
| Arcane Vault | 1 | 130 | / | 30 |
| Town Hall | 4 | 1540 | / | 820 |
| Keep | 1 | 320 | / | 210 |
| total: | 16 | 2830g | / | 1170w |
| 0:03 | Peasant |
| 0:03 | Peasant |
| 0:09 | Altar of Kings |
| 0:16 | Farm |
| 0:23 | Peasant |
| 0:27 | Barracks |
| 1:14 | Peasant |
| 1:19 | Farm |
| 1:28 | Arcane Vault |
| 1:52 | Peasant |
| 1:55 | Farm |
| 2:11 | Flame Strike |
| 2:44 | Forest Troll Shadow Priest |
| 3:08 | Farm |
| 3:15 | Footman |
| 3:15 | Footman |
| 3:39 | Footman |
| 3:52 | Siphon Mana |
| 3:57 | Forest Troll Berserker |
| 3:58 | Farm |
| 4:06 | Footman |
| 4:19 | Lesser Clarity Potion |
| 4:32 | Footman |
| 4:59 | Forest Troll Shadow Priest |
| 5:10 | Defend |
| 5:43 | Footman |
| 6:10 | Footman |
| 6:44 | Flame Strike |
| 6:47 | Footman |
| 6:54 | Forest Troll Shadow Priest |
| 7:40 | Forest Troll Berserker |
| 7:41 | Mud Golem |
| 8:11 | Farm |
| 8:16 | Farm |
| 8:27 | Keep |
| 8:44 | Scroll of Regeneration |
| 8:46 | Lesser Clarity Potion |
| 8:58 | Forest Troll Shadow Priest |
| 9:21 | Scroll of Town Portal |
| 9:26 | Potion of Lesser Invulnerability |
| 10:11 | Ogre Mauler |
| 10:11 | Mud Golem |
| 10:39 | Siphon Mana |
| 11:23 | Footman |
| 11:41 | Forest Troll Shadow Priest |
| 12:28 | Town Hall |
| 14:36 | Forest Troll Shadow Priest |
| 15:25 | Flame Strike |
| 16:23 | Mud Golem |
| 16:43 | Forest Troll Shadow Priest |
| 16:43 | Forest Troll Berserker |
| 16:47 | Ogre Mauler |
| 16:54 | Lesser Clarity Potion |
| 17:38 | Altar of Kings |
| 18:45 | Forest Troll Shadow Priest |
| 19:06 | Mud Golem |
| 20:25 | Footman |
| 20:25 | Footman |
| 20:25 | Footman |
| 20:30 | Forest Troll Berserker |
| 20:56 | Forest Troll Shadow Priest |
| 21:22 | Farm |
| 21:28 | Scroll of Town Portal |
| 22:46 | Town Hall |
| 22:51 | Forest Troll Shadow Priest |
| 23:50 | Peasant |
| 23:50 | Peasant |
| 23:50 | Peasant |
| 23:50 | Peasant |
| 23:50 | Peasant |
| 24:25 | Mud Golem |
| 24:25 | Ogre Mauler |
| 24:50 | Scroll of Town Portal |
| 25:21 | Forest Troll Berserker |
| 25:44 | Mud Golem |
| 26:05 | Footman |
| 26:13 | Peasant |
| 26:13 | Peasant |
| 26:51 | Footman |
| 26:55 | Ogre Mauler |
| 28:05 | Town Hall |
| 28:13 | Summon Phoenix |
| 29:41 | Forest Troll Shadow Priest |
| 30:57 | Scroll of Town Portal |
| 30:59 | Staff of Teleportation |
| 31:24 | Peasant |
| 31:24 | Peasant |
| 33:39 | Town Hall |
| 33:43 | Forest Troll Shadow Priest |
| 34:14 | Scroll of Town Portal |
| 34:15 | Scroll of Town Portal |
| 34:16 | Boots of Speed |
| 35:28 | Peasant |
| 35:28 | Peasant |
| 35:29 | Peasant |
| 35:51 | Peasant |
| 37:16 | Peasant |
| 37:16 | Peasant |
| 38:13 | Siphon Mana |
| Right click | 1694 |
| Select | 422 |
| Select group | 223 |
| Chat | 215 |
| Build/train/purchase | 123 |
| Assign group | 78 |
| Use ability | 64 |
| Resource trade | 55 |
| Misc. action | 40 |
| Esc | 4 |
| Item give/drop | 1 |
| Remove unit | 1 |
| Minimap ping | 1 |

| Peon | 12 | 900 | / | 0 |
| Grunt | 1 | 200 | / | 0 |
| Troll Headhunter | 11 | 1540 | / | 220 |
| total: | 24 | 2640g | / | 220w |
| Watch Tower | 2 | 220 | / | 160 |
| Altar of Storms | 1 | 180 | / | 50 |
| Orc Burrow | 5 | 800 | / | 200 |
| Barracks | 1 | 180 | / | 50 |
| War Mill | 1 | 205 | / | 0 |
| Voodoo Lounge | 3 | 390 | / | 90 |
| Stronghold | 1 | 315 | / | 190 |
| total: | 13 | 1975g | / | 550w |
| 0:01 | Peon |
| 0:01 | Peon |
| 0:04 | Altar of Storms |
| 0:10 | Orc Burrow |
| 0:30 | Peon |
| 0:46 | Barracks |
| 0:53 | Peon |
| 1:05 | Peon |
| 1:24 | Orc Burrow |
| 1:34 | Peon |
| 1:46 | War Mill |
| 2:05 | Grunt |
| 2:09 | Serpent Ward |
| 2:18 | Peon |
| 2:38 | Voodoo Lounge |
| 2:58 | Troll Headhunter |
| 3:06 | Troll Headhunter |
| 3:21 | Troll Headhunter |
| 3:41 | Peon |
| 4:10 | Voodoo Lounge |
| 4:13 | Troll Headhunter |
| 4:13 | Troll Headhunter |
| 4:27 | Peon |
| 4:39 | Troll Headhunter |
| 4:48 | Peon |
| 4:49 | Orc Burrow |
| 5:33 | Troll Headhunter |
| 5:33 | Troll Headhunter |
| 6:42 | Peon |
| 6:42 | Peon |
| 7:12 | Orc Burrow |
| 7:15 | Orc Burrow |
| 7:52 | Troll Headhunter |
| 8:10 | Stronghold |
| 8:19 | Troll Headhunter |
| 8:25 | Steel Ranged Weapons |
| 8:48 | Voodoo Lounge |
| 9:07 | Watch Tower |
| 9:11 | Watch Tower |
| 10:09 | Healing Wave |
| 11:37 | Troll Headhunter |
| Select | 407 |
| Right click | 406 |
| Select group | 285 |
| Misc. action | 70 |
| Use ability | 50 |
| Build/train/purchase | 35 |
| Chat | 32 |
| Assign group | 18 |
| Resource trade | 10 |
| Minimap ping | 2 |
| Esc | 1 |


| Scroll of Town Portal | 1 | 350 |
| Boots of Speed | 1 | 250 |
| Potion of Lesser Invulnerability | 5 | 750 |
| Staff of Teleportation | 1 | 150 |
| Periapt of Vitality | 1 | 325 |
| total: | 9 | 1825g |
| Wisp | 92 | 5520 | / | 0 |
| Archer | 29 | 3770 | / | 290 |
| Glaive Thrower | 1 | 210 | / | 65 |
| Hippogryph | 10 | 1600 | / | 200 |
| total: | 132 | 11100g | / | 555w |
| Ancient Protector | 28 | 3780 | / | 2240 |
| Altar of Elders | 2 | 360 | / | 100 |
| Moon Well | 7 | 1260 | / | 280 |
| Hunter's Hall | 2 | 420 | / | 200 |
| Ancient of Wonders | 5 | 450 | / | 150 |
| Tree of Life | 10 | 3400 | / | 1850 |
| Ancient of War | 9 | 1350 | / | 540 |
| Ancient of Wind | 5 | 750 | / | 700 |
| Tree of Ages | 3 | 960 | / | 540 |
| total: | 68 | 11770g | / | 6060w |
| 0:01 | Wisp |
| 0:01 | Wisp |
| 0:14 | Altar of Elders |
| 0:17 | Moon Well |
| 0:25 | Wisp |
| 0:34 | Wisp |
| 0:40 | Wisp |
| 0:51 | Wisp |
| 0:54 | Wisp |
| 1:10 | Wisp |
| 1:18 | Wisp |
| 1:33 | Wisp |
| 1:42 | Wisp |
| 1:50 | Hunter's Hall |
| 1:52 | Wisp |
| 2:01 | Wisp |
| 2:12 | Force of Nature |
| 2:23 | Moon Well |
| 2:24 | Ancient of Wonders |
| 2:36 | Tree of Life |
| 2:46 | Wisp |
| 2:47 | Ancient of Wonders |
| 2:54 | Ancient of War |
| 3:01 | Ancient of War |
| 3:01 | Wisp |
| 3:04 | Moon Well |
| 3:23 | Wisp |
| 3:24 | Ancient of War |
| 3:52 | Ultravision |
| 4:03 | Wisp |
| 4:03 | Wisp |
| 4:03 | Wisp |
| 4:23 | Wisp |
| 4:29 | Archer |
| 4:43 | Archer |
| 4:43 | Wisp |
| 4:48 | Strength of the Moon |
| 5:04 | Archer |
| 5:06 | Boots of Speed |
| 5:20 | Ancient Protector |
| 5:35 | Entangling Roots |
| 5:49 | Archer |
| 5:50 | Ancient Protector |
| 6:20 | Archer |
| 6:23 | Ancient Protector |
| 6:27 | Ancient Protector |
| 6:47 | Wisp |
| 6:49 | Wisp |
| 7:00 | Ancient Protector |
| 7:06 | Archer |
| 7:19 | Archer |
| 7:31 | Archer |
| 8:24 | Archer |
| 8:32 | Ancient Protector |
| 8:32 | Ancient Protector |
| 8:33 | Ancient Protector |
| 8:33 | Ancient Protector |
| 8:33 | Ancient Protector |
| 8:38 | Wisp |
| 8:52 | Wisp |
| 8:53 | Archer |
| 8:53 | Archer |
| 8:57 | Ancient Protector |
| 9:24 | Archer |
| 9:37 | Wisp |
| 9:37 | Wisp |
| 9:38 | Wisp |
| 9:38 | Wisp |
| 9:38 | Archer |
| 9:39 | Archer |
| 9:39 | Wisp |
| 9:39 | Wisp |
| 9:39 | Wisp |
| 9:41 | Ancient of War |
| 9:41 | Ancient of War |
| 9:43 | Moon Well |
| 10:00 | Wisp |
| 10:22 | Wisp |
| 10:25 | Archer |
| 10:34 | Force of Nature |
| 10:39 | Moon Well |
| 10:43 | Wisp |
| 10:46 | Glaive Thrower |
| 11:04 | Tree of Life |
| 11:25 | Tree of Life |
| 11:26 | Tree of Ages |
| 11:34 | Wisp |
| 11:34 | Wisp |
| 11:49 | Archer |
| 12:26 | Ancient Protector |
| 12:27 | Ancient Protector |
| 12:29 | Ancient Protector |
| 12:31 | Ancient Protector |
| 12:31 | Ancient Protector |
| 13:00 | Ancient Protector |
| 13:00 | Ancient Protector |
| 13:01 | Ancient Protector |
| 13:01 | Ancient Protector |
| 13:02 | Ancient Protector |
| 13:09 | Ancient Protector |
| 13:09 | Ancient Protector |
| 14:10 | Archer |
| 14:13 | Wisp |
| 14:13 | Wisp |
| 14:13 | Wisp |
| 14:13 | Wisp |
| 14:13 | Wisp |
| 15:00 | Wisp |
| 15:11 | Tree of Life |
| 15:55 | Wisp |
| 15:55 | Wisp |
| 15:55 | Wisp |
| 16:05 | Ancient Protector |
| 16:09 | Ancient Protector |
| 16:10 | Wisp |
| 16:14 | Tree of Life |
| 16:27 | Entangling Roots |
| 16:44 | Wisp |
| 16:44 | Wisp |
| 16:56 | Potion of Lesser Invulnerability |
| 17:10 | Scroll of Town Portal |
| 17:31 | Entangling Roots |
| 17:48 | Tree of Life |
| 17:59 | Wisp |
| 17:59 | Wisp |
| 18:29 | Wisp |
| 18:29 | Wisp |
| 18:53 | Wisp |
| 19:07 | Ancient Protector |
| 19:17 | Hunter's Hall |
| 19:19 | Ancient Protector |
| 20:34 | Tree of Life |
| 20:35 | Tranquility |
| 21:01 | Wisp |
| 21:01 | Wisp |
| 21:01 | Wisp |
| 21:05 | Wisp |
| 21:06 | Wisp |
| 21:06 | Wisp |
| 21:06 | Wisp |
| 21:06 | Wisp |
| 22:12 | Archer |
| 22:13 | Archer |
| 22:13 | Wisp |
| 22:13 | Wisp |
| 22:18 | Wisp |
| 22:18 | Wisp |
| 22:18 | Wisp |
| 22:18 | Wisp |
| 22:19 | Wisp |
| 22:54 | Wisp |
| 22:54 | Wisp |
| 22:54 | Tree of Ages |
| 22:59 | Wisp |
| 22:59 | Wisp |
| 23:00 | Wisp |
| 23:00 | Wisp |
| 23:00 | Wisp |
| 23:01 | Wisp |
| 23:01 | Wisp |
| 23:01 | Wisp |
| 23:39 | Archer |
| 23:42 | Archer |
| 23:48 | Tree of Ages |
| 23:59 | Wisp |
| 24:31 | Ancient Protector |
| 24:48 | Moon Well |
| 24:48 | Moon Well |
| 25:09 | Potion of Lesser Invulnerability |
| 25:10 | Staff of Teleportation |
| 25:12 | Periapt of Vitality |
| 25:19 | Ancient of Wind |
| 25:20 | Ancient of Wind |
| 25:20 | Ancient of Wind |
| 25:20 | Ancient of Wind |
| 25:21 | Ancient of Wind |
| 25:22 | Wisp |
| 25:22 | Wisp |
| 25:22 | Wisp |
| 25:22 | Wisp |
| 25:22 | Wisp |
| 25:22 | Wisp |
| 25:31 | Tree of Life |
| 25:44 | Wisp |
| 25:44 | Wisp |
| 25:49 | Ancient of Wonders |
| 25:51 | Ancient of Wonders |
| 26:03 | Potion of Lesser Invulnerability |
| 26:19 | Breath of Fire |
| 26:28 | Hippogryph |
| 26:47 | Hippogryph |
| 26:52 | Ancient of Wonders |
| 28:17 | Hippogryph |
| 28:20 | Force of Nature |
| 28:39 | Hippogryph |
| 29:44 | Hippogryph |
| 29:52 | Hippogryph |
| 30:12 | Hippogryph |
| 30:31 | Wisp |
| 30:31 | Wisp |
| 30:49 | Hippogryph |
| 31:13 | Tree of Life |
| 31:53 | Hippogryph |
| 31:57 | Altar of Elders |
| 32:19 | Ancient of War |
| 32:19 | Ancient of War |
| 32:22 | Archer |
| 32:22 | Archer |
| 32:22 | Archer |
| 32:23 | Improved Bows |
| 32:26 | Ancient of War |
| 32:27 | Ancient of War |
| 32:33 | Tree of Life |
| 33:21 | Thorns Aura |
| 33:37 | Hippogryph |
| 33:38 | Archer |
| 33:40 | Archer |
| 34:23 | Drunken Haze |
| 34:37 | Archer |
| 34:48 | Wisp |
| 34:48 | Wisp |
| 35:46 | Potion of Lesser Invulnerability |
| 36:33 | Archer |
| 37:07 | Potion of Lesser Invulnerability |
| 37:26 | Archer |
| 38:08 | Breath of Fire |
| 38:12 | Thorns Aura |
| Select group | 2134 |
| Right click | 1847 |
| Select | 920 |
| Misc. action | 337 |
| Build/train/purchase | 262 |
| Use ability | 161 |
| Assign group | 77 |
| Chat | 31 |
| Minimap ping | 22 |
| Esc | 20 |
| Resource trade | 13 |
| Item give/drop | 1 |

| Scroll of Town Portal | 1 | 350 |
| Staff of Teleportation | 1 | 150 |
| total: | 2 | 500g |
| Wisp | 70 | 4200 | / | 0 |
| Archer | 5 | 650 | / | 50 |
| Huntress | 4 | 780 | / | 80 |
| Chimaera | 9 | 2970 | / | 630 |
| Hippogryph | 18 | 2880 | / | 360 |
| total: | 106 | 11480g | / | 1120w |
| Ancient Protector | 14 | 1890 | / | 1120 |
| Altar of Elders | 1 | 180 | / | 50 |
| Moon Well | 12 | 2160 | / | 480 |
| Ancient of War | 2 | 300 | / | 120 |
| Hunter's Hall | 1 | 210 | / | 100 |
| Tree of Life | 6 | 2040 | / | 1110 |
| Ancient of Wind | 5 | 750 | / | 700 |
| Chimaera Roost | 4 | 560 | / | 760 |
| Tree of Ages | 2 | 640 | / | 360 |
| Tree of Eternity | 1 | 330 | / | 200 |
| total: | 45 | 8090g | / | 4440w |
| 0:02 | Wisp |
| 0:02 | Wisp |
| 0:08 | Altar of Elders |
| 0:13 | Wisp |
| 0:16 | Moon Well |
| 0:49 | Ancient of War |
| 0:53 | Wisp |
| 0:53 | Wisp |
| 1:06 | Wisp |
| 1:20 | Wisp |
| 1:25 | Moon Well |
| 1:53 | Archer |
| 1:53 | Archer |
| 2:00 | Ancient of War |
| 2:01 | Wisp |
| 2:02 | Wisp |
| 2:11 | Mana Burn |
| 3:18 | Archer |
| 3:19 | Archer |
| 3:19 | Archer |
| 3:22 | Hunter's Hall |
| 3:39 | Moon Well |
| 3:50 | Tree of Ages |
| 4:19 | Moon Well |
| 4:31 | Huntress |
| 4:31 | Huntress |
| 5:10 | Tree of Life |
| 5:16 | Evasion |
| 5:20 | Tree of Life |
| 5:30 | Ancient Protector |
| 5:43 | Huntress |
| 5:44 | Huntress |
| 7:32 | Wisp |
| 7:32 | Wisp |
| 7:32 | Wisp |
| 7:32 | Wisp |
| 7:33 | Wisp |
| 7:35 | Tree of Eternity |
| 8:23 | Ancient Protector |
| 8:24 | Ancient Protector |
| 8:26 | Ancient Protector |
| 8:29 | Mana Burn |
| 8:46 | Nature's Blessing |
| 8:50 | Wisp |
| 8:50 | Wisp |
| 8:51 | Wisp |
| 8:51 | Wisp |
| 9:30 | Ancient Protector |
| 10:26 | Evasion |
| 10:31 | Chimaera Roost |
| 10:35 | Chimaera Roost |
| 10:44 | Wisp |
| 10:44 | Wisp |
| 10:44 | Wisp |
| 10:44 | Wisp |
| 10:44 | Wisp |
| 10:44 | Wisp |
| 10:44 | Wisp |
| 10:44 | Wisp |
| 10:44 | Wisp |
| 10:46 | Wisp |
| 10:47 | Wisp |
| 10:47 | Wisp |
| 10:47 | Wisp |
| 10:47 | Wisp |
| 10:47 | Wisp |
| 10:47 | Wisp |
| 10:47 | Wisp |
| 10:47 | Wisp |
| 11:21 | Staff of Teleportation |
| 12:09 | Chimaera |
| 12:10 | Chimaera |
| 12:13 | Chimaera |
| 12:13 | Chimaera |
| 12:50 | Ancient Protector |
| 12:51 | Ancient Protector |
| 12:53 | Ancient Protector |
| 12:54 | Ancient Protector |
| 13:08 | Chimaera Roost |
| 13:15 | Chimaera Roost |
| 13:45 | Moon Well |
| 13:47 | Moon Well |
| 13:49 | Ancient Protector |
| 13:50 | Ancient Protector |
| 13:57 | Ancient Protector |
| 14:36 | Ancient of Wind |
| 14:37 | Ancient of Wind |
| 14:39 | Wisp |
| 14:39 | Wisp |
| 14:39 | Wisp |
| 14:44 | Wisp |
| 15:12 | Chimaera |
| 15:16 | Wisp |
| 15:45 | Hippogryph |
| 15:45 | Hippogryph |
| 15:46 | Hippogryph |
| 15:46 | Hippogryph |
| 15:47 | Hippogryph |
| 15:55 | Hippogryph |
| 15:55 | Hippogryph |
| 16:05 | Ancient Protector |
| 16:09 | Ancient Protector |
| 17:22 | Chimaera |
| 17:39 | Chimaera |
| 17:40 | Chimaera |
| 17:52 | Tree of Life |
| 18:07 | Corrosive Breath |
| 18:45 | Chimaera |
| 18:59 | Tree of Life |
| 20:09 | Tree of Life |
| 20:14 | Wisp |
| 20:14 | Wisp |
| 20:15 | Wisp |
| 20:31 | Mana Burn |
| 21:00 | Moon Well |
| 21:09 | Wisp |
| 21:55 | Wisp |
| 21:55 | Wisp |
| 21:55 | Wisp |
| 22:20 | Wisp |
| 22:21 | Wisp |
| 23:24 | Wisp |
| 23:24 | Wisp |
| 23:25 | Wisp |
| 23:41 | Tree of Ages |
| 24:19 | Wisp |
| 24:19 | Wisp |
| 24:33 | Moon Well |
| 24:46 | Moon Well |
| 25:45 | Tree of Life |
| 26:05 | Wisp |
| 26:05 | Wisp |
| 26:38 | Scroll of Town Portal |
| 27:04 | Moon Well |
| 27:05 | Moon Well |
| 27:58 | Wisp |
| 27:59 | Wisp |
| 28:00 | Wisp |
| 28:00 | Wisp |
| 28:03 | Metamorphosis |
| 29:16 | Ancient of Wind |
| 29:18 | Ancient of Wind |
| 29:19 | Wisp |
| 29:20 | Wisp |
| 29:20 | Wisp |
| 29:20 | Wisp |
| 29:26 | Wisp |
| 29:26 | Wisp |
| 29:26 | Wisp |
| 29:27 | Wisp |
| 29:27 | Wisp |
| 29:55 | Ancient of Wind |
| 30:20 | Hippogryph |
| 30:20 | Hippogryph |
| 30:24 | Hippogryph |
| 30:24 | Hippogryph |
| 30:24 | Hippogryph |
| 30:32 | Hippogryph |
| 30:50 | Moon Well |
| 31:21 | Hippogryph |
| 31:48 | Hippogryph |
| 31:52 | Hippogryph |
| 31:55 | Hippogryph |
| 34:40 | Hippogryph |
| Right click | 1135 |
| Select | 545 |
| Misc. action | 153 |
| Build/train/purchase | 148 |
| Chat | 128 |
| Select group | 89 |
| Use ability | 50 |
| Assign group | 29 |
| Resource trade | 12 |
| Remove unit | 10 |
| Esc | 4 |